 Dungeon Crawl Stone Soup version 0.25.1-2-g60ff931df9 (webtiles) character file.

Game seed: 15238265369236984760

1215 Impeuri the Charlatan (level 8, -2/61 HPs)
             Began as a Demonspawn Artificer on Aug 21, 2020.
             Was a Believer of Kikubaaqudgha.
             Killed by divine providence
             ... invoked by an orc priest
              (15 damage)
             ... on level 5 of the Dungeon.
             The game lasted 00:12:36 (4945 turns).

Impeuri the Charlatan (Demonspawn Artificer)        Turns: 4945, Time: 00:12:39

Health: -2/61      AC: 15    Str: 13    XL:     8   Next: 22%
Magic:  12/12      EV: 10    Int: 14    God:    Kikubaaqudgha [**....]
Gold:   298        SH:  0    Dex: 14    Spells: 11/11 levels left

rFire    . . .     SeeInvis +   s - +1 dagger (venom)
rCold    + . .     Gourm    .   (no shield)
rNeg     . . .     Faith    .   A - +0 scale mail {rC+}
rPois    .         Spirit   .   o - +0 helmet
rElec    .         Reflect  .   z - +0 cloak (curse)
rCorr    .         Harm     .   (no gloves)
MR       .....                  (no boots)
Stlth    ..........             (no amulet)
HPRegen  0.20/turn              l - +4 ring of protection
MPRegen  0.13/turn              x - ring of see invisible

@: lethally poisoned (-2 -> -2)
A: hooves 1, slimy green scales 1, rot immunity
a: Receive Corpses, Renounce Religion


You were on level 5 of the Dungeon.
You worshipped Kikubaaqudgha.
Kikubaaqudgha was pleased with you.
You were not hungry.

You visited 2 branches of the dungeon, and saw 6 of its levels.

You collected 298 gold pieces.

Inventory:

Hand Weapons
 s - a +1 dagger of venom (weapon)
Missiles
 p - 29 poisoned darts (quivered)
Armour
 o - a +0 helmet (worn)
 z - a cursed +0 cloak (worn)
 A - a +0 scale mail of cold resistance (worn)
Jewellery
 b - an uncursed ring of magical power
 l - a +4 ring of protection (left hand)
 x - a ring of see invisible (right hand)
Wands
 c - a wand of flame (10)
 d - a wand of enslavement (11)
 e - a wand of random effects (15)
 h - a wand of paralysis (6)
 y - a wand of clouds (9)
Scrolls
 a - 2 scrolls of enchant armour {unknown}
 i - a scroll of fear {unknown}
 m - 4 scrolls of amnesia {unknown}
 n - 5 scrolls of remove curse {unknown}
 q - a scroll of random uselessness {unknown}
 u - a scroll of teleportation {unknown}
 v - 4 scrolls of identify {unknown}
 w - a scroll of blinking {unknown}
Potions
 j - 2 potions of heal wounds
Comestibles
 f - 7 rations
 g - 3 chunks of flesh


   Skills:
 + Level 4.4 Fighting
 + Level 4.0 Short Blades
 + Level 2.9 Armour
 - Level 3.0 Dodging
 - Level 0.8 Stealth
 + Level 2.3 Spellcasting
 + Level 2.9 Necromancy
 + Level 5.3 Evocations


You had 11 spell levels left.
You didn't know any spells.
Your spell library contained the following spells:

 Spells                   Type           Power        Failure   Level  Hunger
 Pain                     Necr           #...         30%         1    #......
 Sublimation of Blood     Necr           #.........   43%         2    ###....
 Corpse Rot               Necr/Air       N/A          65%         2    ###....
 Vampiric Draining        Necr           #.........   67%         3    ###....
 Corona                   Hex            #......      71%         1    #......
 Ensorcelled Hibernation  Hex/Ice        #.....       85%         2    ###....
 Confusing Touch          Hex            #.......     97%         3    ###....
 Dazzling Flash           Conj/Hex       #.....       97%         3    ###....
 Recall                   Summ/Tloc      N/A          97%         3    ###....
 Tukima's Dance           Hex            #.......     97%         3    ###....
 Aura of Abjuration       Summ           #.........   100%        5    ######.
 Summon Demon             Summ           #.........   100%        5    ######.
 Summon Forest            Summ/Tloc      #.........   100%        5    ######.
 Summon Mana Viper        Hex/Summ       #.......     100%        5    ######.
 Shadow Creatures         Summ           N/A          100%        6    #######


Dungeon Overview and Level Annotations

Branches:
Dungeon (5/15)             Temple (1/1) D:4

Altars:
Ashenzari
Cheibriados
Dithmenos
Elyvilon
Kikubaaqudgha
Okawaru
Qazlal
Sif Muna
Vehumet
Xom
Yredelemnul
The Shining One

Annotations:
D:3 2 transporters, IcyTea's ghost, weakling DsWr
D:5 2 transporters, harlaan's ghost, novice DESu


Innate Abilities, Weirdness & Mutations

You have large cloven feet.
You are partially covered in slimy green scales. (AC +2)
You are immune to rotting.


Message History

The orc barely misses you.
The orc priest hits you but does no damage.
You hit the orc priest but do no damage.
The orc priest looks as sick as possible!
The orc priest is heavily wounded.
The orc barely misses you.
You hit the orc priest but do no damage.
The orc priest looks as sick as possible!
You kick the orc priest, but do no damage.
The orc priest is severely wounded.
You feel sick.
The orc priest hits you but does no damage.
You barely miss the orc priest.
You kick the orc priest, but do no damage.
The orc priest is almost dead.
The orc misses you.
The orc priest mumbles some strange prayers to Beogh against you.
Beogh smites you!
You die...
Kikubaaqudgha rasps: "You have failed me!
Welcome... death!"

#....#......
###..©#.....©..
#_'...#....... #
###...#..#8#.# .#
#....#..###.###..#
####.#...........#
#.#..ZZWZ.....#
#.#############
#......@oo.....
#.#######o.....
...# ..... ...###
.... ..... ###
#.#. # #


You could see an orc priest (extremely poisoned), harlaan's ghost, 2 orcs, an
adder skeleton, a quokka skeleton and a bullfrog skeleton.

Vanquished Creatures
  An ogre (D:4)
  A sky beast (D:5)
  A phantom (D:5)
  5 big kobolds (D:4)
  A water moccasin skeleton (D:5)
  2 orc priests
  A centaur skeleton (D:4)
  4 orc wizards
  Ijyb (D:3)
  4 worker ants
  6 adders
  2 oozes
  An adder skeleton (D:4)
  2 worms (D:2)
  3 dart slugs
  2 leopard geckos
  18 orcs
  3 giant cockroaches
  13 goblins
  5 hobgoblins
  2 jackals (D:2)
  56 kobolds
  A ball python skeleton (D:5)
  8 bats
  2 frilled lizards
  9 rats
154 creatures vanquished.

Vanquished Creatures (collateral kills)
  An orc wizard (D:4)
  An adder (D:2)
  2 orcs (D:4)
  2 goblins (D:2)
  A frilled lizard (D:2)
  A kobold (D:1)
  A rat (D:1)
9 creatures vanquished.

Vanquished Creatures (others)
  An orc priest (D:4)
1 creature vanquished.

Grand Total: 164 creatures vanquished

Notes
Turn   | Place    | Note
-------+----------+-------------------------------------------
     0 | D:1      | Impeuri the Demonspawn Artificer began the quest for the
                  | Orb.
     0 | D:1      | Reached XP level 1. HP: 15/15 MP: 3/3
    24 | D:1      | Reached skill level 1 in Short Blades
    50 | D:1      | Gained mutation: You are immune to rotting. [demonic
                  | ancestry]
    50 | D:1      | Reached XP level 2. HP: 21/21 MP: 4/4
   630 | D:2      | Gained mutation: You have large cloven feet. [demonic
                  | ancestry]
   630 | D:2      | Reached XP level 3. HP: 25/26 MP: 5/5
  1383 | D:2      | Gained mutation: You are partially covered in slimy green
                  | scales. (AC +2) [demonic ancestry]
  1383 | D:2      | Reached XP level 4. HP: 33/33 MP: 6/6
  1700 | D:3      | Noticed a black bear
  2108 | D:3      | Found a transporter.
  2108 | D:3      | Noticed IcyTea's ghost (weakling DsWr)
  2108 | D:3      | Noticed an ogre
  2109 | D:3      | Found a transporter.
  2109 | D:3      | Noticed an ogre
  2109 | D:3      | Identified the +3 dire flail of Typro {drain, +Inv Str+3
                  | Int+4}
  2109 | D:3      | Noticed an ogre
  2160 | D:3      | Reached XP level 5. HP: 39/39 MP: 7/7
  2266 | D:3      | Noticed Ijyb
  2280 | D:3      | Killed Ijyb
  2508 | D:3      | Reached skill level 4 in Evocations
  2892 | D:4      | Reached XP level 6. HP: 47/47 MP: 9/9
  2900 | D:4      | Reached skill level 1 in Armour
  3035 | D:4      | Found a staircase to the Ecumenical Temple.
  3042 | Temple   | Entered the Ecumenical Temple
  3096 | Temple   | Became a worshipper of Kikubaaqudgha
  3790 | D:4      | Reached * piety under Kikubaaqudgha
  3790 | D:4      | Identified Kikubaaqudgha's Catalogue of Necromancy
                  | (Kikubaaqudgha gifted it to you on level 4 of the Dungeon)
  3790 | D:4      | Received a gift from Kikubaaqudgha
  3930 | D:4      | Reached skill level 1 in Necromancy
  3930 | D:4      | Reached XP level 7. HP: 48/52 MP: 10/10
  3941 | D:4      | Reached skill level 1 in Spellcasting
  4202 | D:4      | Reached ** piety under Kikubaaqudgha
  4233 | D:4      | Reached skill level 5 in Evocations
  4715 | D:5      | Entered Level 5 of the Dungeon
  4822 | D:5      | Reached XP level 8. HP: 60/60 MP: 11/11
  4882 | D:5      | Found a transporter.
  4889 | D:5      | Found a transporter.
  4889 | D:5      | Noticed harlaan's ghost (novice DESu)
  4906 | D:5      | Found a shattered altar of Ashenzari.
  4945 | D:5      | Killed from afar by an orc priest

Illustrated notes

Levels and vault maps discovered:
D:1:      wander_arrival_lonely_grave, layout_rooms, minivault_19
D:2:      layout_basic, first_ration, minmay_tromino_mix6
D:3:      layout_loops_ring, gammafunk_ghost_smash, lightli_corner_chamber,
          uniq_ijyb
D:4:      minmay_goblin_kobold_castle, layout_basic,
          minmay_temple_entry_slanted, minmay_small_thing
D:5:      layout_basic, kennysheep_mini, gammafunk_ghost_mausoleum,
          portal_sewer_entry_c, uniq_edmund, uniq_pikel, uniq_grinder
Temple:   minmay_crystal_snake_temple

Skill      XL: |  1  2  3  4  5  6  7  8 |
---------------+-------------------------+-----
Short Blades   | 1 2 3 4 |  4.0
Dodging        | 2 3 |  3.0
Fighting       | 2 3 4 |  4.4
Evocations     | 4 5 |  5.3
Armour         | 1 2 |  2.9
Necromancy     | 1 2 |  2.9
Spellcasting   | 2 |  2.3
Stealth        | |  0.8

Action                   |  1- 3 |  4- 6 |  7- 9 || total
-------------------------+-------+-------+-------++-------
Melee: Short sword       |   119 |       |       ||   119
       Kick              |    14 |    66 |    45 ||   125
       Dagger            |     6 |   274 |   162 ||   442
Evoke: Wand              |     3 |     2 |     4 ||     9
  Use: Potion            |       |     4 |       ||     4
 Stab: Sleeping          |     1 |       |       ||     1
  Eat: Chunk             |     2 |     8 |     3 ||    13
Armor: Leather armour    |    43 |     1 |       ||    44
       Robe              |       |    25 |       ||    25
       Scale mail        |       |    99 |    65 ||   164
Dodge: Dodged            |    94 |   182 |    76 ||   352
